Map: [ESL] Dragon Scales

Players

MaNa

  • Race: Protoss Protoss
  • Spawn Location: 11:00

Lambo - Winner!

  • Race: Zerg Zerg
  • Spawn Location: 5:00

Event: ESL SC2 Masters 2023 Summer (Finals)

VOD

Have the link to the VOD?

Description

Time

  • Played on: June 16, 2023, 5:21 a.m.
  • Length: 16:05

All games in this series

Show
View Real Time Build Order
Export as new Build Order

MaNa Protoss 

Build Orders: 1 Gate Expand, Oracle Opening 

Get SALT Encoding   

  12  0:00  Probe  
  13  0:12  Probe  
  14  0:20  Pylon  
  14  0:24  Probe  
  15  0:38  Probe (Chrono Boost)  
  16  0:45  Gateway  
  16  0:47  Probe (Chrono Boost)  
  17  0:51  Assimilator  
  17  0:53  Probe (Chrono Boost)  
  18  1:05  Probe (Chrono Boost)  
  19  1:13  Probe (Chrono Boost)  
  20  1:19  Probe  
  21  1:29  Nexus  
  21  1:39  Cybernetics Core  
  21  1:42  Probe  
  22  1:49  Assimilator  
  22  1:54  Pylon  
  22  1:56  Probe  
  23  2:12  Probe, Adept (Chrono Boost)  
  26  2:20  Stargate  
  26  2:24  Probe  
  26  2:27  Warp Gate  
  27  2:35  Adept (Chrono Boost)  
  27  2:36  Probe  
  30  2:42  Probe  
  31  2:48  Probe  
  32  2:54  Probe  
  32  2:56  Adept (Chrono Boost)  
  35  3:00  Probe  
  35  3:04  Oracle  
  39  3:06  Probe  
  39  3:12  Probe  
  41  3:18  Probe  
  42  3:23  Pylon  
  42  3:24  Probe  
  43  3:30  Probe  
  42  3:36  Probe  
  42  3:37  Adept  
  42  3:39  Oracle (Chrono Boost)  
  45  3:42  Probe  
  47  3:49  Probe, Gateway  
  47  3:54  Probe  
  49  3:59  Pylon  
  49  4:01  Probe  
  50  4:07  Nexus  
  50  4:12  Oracle  
  52  4:17  Adept  
  52  4:18  Probe x2  
  56  4:24  Assimilator  
  56  4:25  Assimilator  
  56  4:30  Probe x2  
  56  4:31  Twilight Council  
  58  4:33  Pylon  
  58  4:38  Forge  
  58  4:48  Probe  
  58  4:51  Probe (Chrono Boost)  
  60  4:58  Gateway  
  60  4:59  Gateway, Protoss Ground Weapons Level 1 (Chrono Boost)  
  60  5:01  Probe (Chrono Boost)  
  60  5:03  Probe (Chrono Boost)  
  60  5:04  Blink (Chrono Boost)  
  62  5:08  Zealot x2  
  62  5:10  Probe (Chrono Boost)  
  62  5:11  Probe (Chrono Boost)  
  68  5:18  Photon Cannon  
  68  5:24  Probe x2 (Chrono Boost)  
  68  5:25  Probe (Chrono Boost)  
  71  5:34  Stalker x2  
  76  5:36  Probe x3 (Chrono Boost)  
  76  5:40  Pylon  
  76  5:42  Probe  
  78  5:45  Probe  
  78  5:47  Probe  
  81  5:53  Pylon  
  81  5:54  Probe  
  82  5:59  Stalker x4  
  90  6:09  Nexus  
  86  6:22  Nexus, Stalker x4  
  86  6:25  Probe x2  
  96  6:27  Probe  
  96  6:29  Pylon  
  96  6:32  Robotics Facility  
  97  6:47  Zealot x2  
  97  6:50  Stalker x2  
  97  6:51  Probe  
  97  6:53  Probe x2  
  101  7:03  Probe  
  101  7:05  Probe x2  
  101  7:07  Photon Cannon  
  103  7:09  Charge, Protoss Ground Weapons Level 2, Photon Cannon  
  103  7:14  Zealot  
  103  7:15  Probe, Zealot  
  107  7:16  Gateway  
  107  7:17  Probe  
  107  7:18  Zealot  
  107  7:19  Gateway  
  106  7:25  Pylon  
  106  7:27  Pylon  
  106  7:33  Warp Prism (Chrono Boost)  
  108  7:38  Probe x2  
  108  7:40  Gateway x2  
  110  7:45  Shield Battery  
  110  7:51  Zealot x4  
  110  7:53  Probe x2  
  110  7:54  Probe  
  110  7:57  Probe  
  122  8:00  Photon Cannon  
  122  8:05  Probe x2  
  124  8:06  Templar Archives  
  124  8:11  Immortal (Chrono Boost), Gateway, Shield Battery  
  124  8:19  Pylon  
  124  8:24  Shield Battery  
  124  8:26  Gateway  
  124  8:39  Probe  
  125  8:42  Stalker x6  
  125  8:43  Stalker x2  
  125  8:46  Probe  
  135  8:50  Probe  
  135  8:51  Probe, Phoenix  
  135  9:06  Zealot  
  135  9:07  Zealot x4  
  139  9:15  High Templar  
  139  9:16  High Templar  
  137  9:18  Photon Cannon  
  137  9:24  Archon  
  137  9:25  Gateway  
  137  9:26  Shield Battery  
  137  9:28  High Templar x4  
  137  9:30  Probe x2  
  137  9:31  Assimilator  
  137  9:33  Archon  
  137  9:34  Archon  
  137  9:37  Shield Battery  
  137  9:38  Photon Cannon, Stalker  
  139  9:45  Photon Cannon  
  139  9:46  Gateway  
  139  9:49  Pylon  
  139  9:56  Photon Cannon  
  139  9:57  Pylon  
  139  9:59  Pylon  
  139  10:00  Pylon  
  139  10:01  Gateway  
  139  10:05  Assimilator x2  
  139  10:07  Probe  
  139  10:09  Probe  
  139  10:13  High Templar  
  139  10:14  High Templar, Zealot  
  147  10:16  Probe  
  148  10:24  Archon  
  148  10:25  Warp Prism (Chrono Boost)  
  148  10:27  High Templar x2  
  152  10:28  Zealot x4  
  152  10:30  Stalker  
  162  10:38  Archon  
  146  10:55  Zealot x3, Stalker x3  
  146  10:56  Stalker  
  156  10:57  Probe x2  
  145  11:05  Probe  
  145  11:06  Probe  
  145  11:09  Probe x2  
  148  11:17  Probe  
  149  11:18  High Templar x2  
  149  11:22  Psionic Storm, Immortal  
  149  11:23  Archon  
  157  11:38  Stalker  
  159  11:40  Protoss Ground Weapons Level 3 (Chrono Boost)  
  159  11:46  Assimilator  
  159  11:57  Nexus  
  159  11:59  Pylon  
  159  12:00  High Templar x2, Pylon  
  161  12:09  High Templar  
  161  12:10  Probe  
  161  12:14  Gateway  
  160  12:16  Photon Cannon  
  160  12:20  High Templar  
  160  12:21  High Templar  
  163  12:32  Probe  
  137  12:41  Stalker x4  
  137  12:42  Zealot x5  
  127  13:05  Zealot x9  
  121  13:06  Zealot x2  
  121  13:11  Probe x2  
  99  13:26  High Templar x6, Zealot x2  
  112  13:27  Zealot  
  112  13:30  Archon x3  
  84  13:50  Zealot x6  
  90  13:58  Warp Prism (Chrono Boost)  
  90  14:00  Probe  
  59  14:16  High Templar x4  
  64  14:23  High Templar x2  
  64  14:24  Zealot x3  
  68  14:29  Archon  
  72  14:31  Immortal (Chrono Boost)  
  76  14:45  Pylon  
  76  14:51  Stalker x2  
  79  14:53  Stalker  
  77  15:05  Zealot  
  79  15:10  High Templar  
  79  15:11  High Templar  
  83  15:14  Archon  
  83  15:27  Probe x2  
  83  15:28  Probe  
  79  15:29  High Templar x2  
  79  15:33  Archon  
  79  15:39  Probe x3  
  79  15:40  Probe, High Templar x2  
  87  15:44  Archon  
  79  15:54  Zealot x4  
  74  16:03  Zealot x2  
Show
View Real Time Build Order
Export as new Build Order

Lambo Zerg - Winner!

Build Orders: Hatch First 

Get SALT Encoding   

  12  0:00  Drone  
  13  0:12  Overlord  
  13  0:17  Drone  
  14  0:31  Drone x2  
  14  0:34  Drone  
  17  0:50  Hatchery  
  17  0:53  Drone  
  18  0:57  Drone  
  18  1:07  Extractor  
  17  1:11  Spawning Pool  
  17  1:14  Drone  
  17  1:18  Drone  
  18  1:27  Drone  
  19  1:38  Drone  
  20  1:51  Overlord  
  20  1:58  Queen  
  22  2:03  Queen  
  22  2:04  Drone  
  22  2:05  Zergling x2  
  22  2:07  Metabolic Boost  
  26  2:11  Zergling x2  
  26  2:13  Drone  
  28  2:23  Drone  
  28  2:24  Drone  
  30  2:32  Drone  
  30  2:35  Drone  
  32  2:40  Hatchery  
  31  2:46  Queen  
  31  2:50  Overlord  
  33  2:52  Drone  
  33  2:54  Zergling x2  
  35  3:02  Zergling x2  
  36  3:08  Zergling x2  
  36  3:09  Queen  
  39  3:15  Drone x4  
  39  3:17  Overlord  
  39  3:19  Drone  
  43  3:30  Drone  
  43  3:33  Drone  
  44  3:35  Queen  
  44  3:37  Drone x2  
  47  3:42  Drone  
  47  3:46  Queen  
  47  3:47  Drone  
  51  3:52  Queen  
  51  3:54  Drone x2  
  55  3:59  Spore Crawler  
  55  4:01  Drone  
  55  4:02  Zergling x2  
  56  4:05  Drone x3  
  56  4:09  Overlord  
  58  4:14  Overlord  
  57  4:18  Overlord  
  57  4:20  Spore Crawler  
  57  4:21  Drone  
  57  4:25  Evolution Chamber  
  57  4:26  Drone  
  57  4:29  Drone x5  
  62  4:32  Zergling x2  
  62  4:37  Zergling x2  
  61  4:47  Drone x6  
  61  4:52  Drone x6  
  73  4:58  Zergling x4  
  75  5:03  Zerg Melee Weapons Level 1  
  76  5:07  Drone  
  76  5:08  Hatchery  
  76  5:11  Drone x2  
  76  5:13  Extractor  
  76  5:15  Drone x2, Roach Warren  
  76  5:18  Overlord  
  76  5:19  Drone  
  76  5:20  Drone  
  79  5:23  Extractor  
  79  5:25  Extractor  
  79  5:27  Lair  
  79  5:28  Drone x3  
  80  5:29  Drone  
  80  5:31  Extractor  
  80  5:32  Extractor  
  79  5:37  Zergling x12  
  85  5:44  Overlord  
  85  5:45  Drone x4  
  89  5:51  Spore Crawler  
  89  5:55  Overlord  
  88  5:58  Hatchery, Overlord, Drone x2  
  88  6:00  Overlord  
  88  6:01  Overlord  
  89  6:06  Overlord  
  89  6:07  Overlord  
  89  6:09  Drone x2  
  90  6:14  Zergling x14  
  95  6:24  Zergling x6  
  98  6:28  Drone x2  
  98  6:30  Spire, Zergling x4  
  103  6:34  Glial Reconstitution  
  103  6:35  Overlord  
  103  6:36  Zergling x2  
  104  6:42  Overlord  
  104  6:43  Overlord  
  104  6:44  Zergling x12  
  108  6:48  Zergling x2  
  110  6:58  Roach  
  110  6:59  Roach x5  
  118  7:04  Zergling x2  
  118  7:06  Zerg Melee Weapons Level 2  
  110  7:13  Zergling x16  
  118  7:17  Zergling x2  
  114  7:24  Roach x4  
  121  7:30  Roach x3  
  121  7:33  Drone x2  
  121  7:35  Roach, Baneling Nest  
  130  7:41  Zergling x14  
  133  7:52  Mutalisk x7  
  133  7:56  Mutalisk x3  
  153  8:02  Zergling x8  
  157  8:09  Roach x4, Zergling x2  
  157  8:12  Overlord  
  165  8:15  Overlord  
  165  8:16  Overlord  
  165  8:18  Overlord  
  165  8:20  Zergling x6  
  165  8:23  Centrifugal Hooks  
  167  8:30  Overlord  
  167  8:33  Baneling  
  167  8:34  Baneling x5  
  164  8:36  Overlord  
  164  8:37  Baneling  
  164  8:38  Overlord, Baneling  
  164  8:40  Overlord  
  162  8:41  Zergling x6  
  162  8:42  Zergling x2  
  162  8:45  Overlord  
  165  8:49  Overlord  
  161  8:56  Zergling x16  
  161  9:00  Zergling x8  
  161  9:01  Baneling  
  166  9:07  Zergling x10  
  163  9:10  Drone x3  
  163  9:15  Mutalisk x2  
  167  9:18  Mutalisk  
  167  9:22  Mutalisk  
  167  9:23  Mutalisk  
  173  9:26  Mutalisk  
  173  9:30  Zerg Flyer Weapons Level 1  
  175  9:31  Zerg Missile Weapons Level 1  
  175  9:33  Baneling x4  
  175  9:35  Drone x2  
  177  9:38  Zergling x6  
  180  9:46  Drone x2  
  180  9:48  Drone  
  180  9:49  Drone x6  
  180  9:52  Drone  
  190  9:55  Baneling  
  190  9:56  Baneling x6, Zergling x6  
  193  10:02  Zergling x12  
  193  10:03  Baneling  
  193  10:04  Baneling  
  193  10:05  Ravager  
  200  10:09  Baneling x10  
  200  10:11  Overlord  
  200  10:14  Overlord  
  200  10:16  Overlord  
  200  10:17  Baneling  
  200  10:18  Baneling x4  
  200  10:26  Baneling x10  
  199  10:32  Zergling x6  
  194  10:37  Zergling x24  
  174  10:51  Zergling x26  
  183  10:57  Roach  
  183  11:00  Roach x4  
  183  11:06  Roach x5  
  183  11:09  Zergling x2  
  192  11:13  Zergling x8  
  192  11:14  Baneling x15  
  192  11:20  Zergling x6  
  192  11:25  Baneling x6  
  193  11:26  Ravager  
  193  11:27  Ravager  
  193  11:29  Zergling x8  
  199  11:33  Hatchery  
  199  11:34  Zergling x2  
  199  11:35  Zergling x4  
  199  11:37  Overlord  
  199  11:40  Overlord  
  199  11:42  Baneling x11  
  199  11:47  Extractor  
  199  11:51  Spine Crawler  
  199  11:53  Baneling x7  
  197  11:56  Zergling x6  
  197  11:57  Baneling x3  
  197  11:58  Baneling  
  200  12:05  Baneling  
  200  12:06  Baneling x3  
  196  12:09  Baneling x3  
  196  12:11  Zergling x8  
  200  12:21  Zergling x2  
  200  12:24  Baneling x2  
  200  12:25  Baneling x8  
  198  12:32  Zergling x2  
  198  12:33  Zergling x10  
  198  12:36  Zergling x18  
  198  12:39  Zergling x14  
  198  12:41  Zergling x2  
  198  12:42  Zergling x12  
  194  12:44  Zergling x2  
  194  12:48  Zergling x2  
  194  12:51  Roach x2  
  179  12:53  Roach x4  
  179  12:55  Roach  
  179  12:56  Roach x4  
  190  12:59  Baneling x10  
  190  13:00  Roach  
  190  13:03  Roach  
  183  13:05  Roach x2  
  183  13:07  Roach x2  
  178  13:12  Roach  
  178  13:13  Roach x2  
  178  13:17  Roach x3  
  164  13:20  Zergling x6  
  164  13:23  Zergling x6  
  164  13:24  Ravager  
  164  13:25  Ravager  
  164  13:26  Zergling x4  
  167  13:28  Zergling x2  
  167  13:32  Zergling x4  
  155  13:36  Zergling x10  
  155  13:37  Zergling x2  
  155  13:38  Zergling x2  
  134  13:42  Zergling x6  
  134  13:44  Zergling x2  
  134  13:46  Zergling x2  
  134  13:48  Zergling x4  
  120  13:50  Ravager  
  120  13:53  Zergling x8  
  114  13:58  Zergling x6  
  114  14:00  Zergling x2  
  108  14:05  Zergling x8  
  105  14:11  Zergling x2  
  105  14:12  Zergling x6  
  106  14:18  Zergling x10  
  113  14:24  Roach x2  
  115  14:34  Roach x4  
  115  14:36  Roach  
  115  14:38  Baneling x2  
  125  14:42  Baneling x5  
  125  14:44  Baneling x2  
  125  14:47  Roach  
  127  14:53  Zergling x8  
  127  14:57  Zergling x6  
  132  15:02  Zergling x2  
  132  15:03  Zergling x8  
  134  15:09  Roach x4  
  134  15:12  Baneling  
  134  15:13  Baneling x2  
  141  15:15  Baneling x8  
  141  15:19  Zergling x8  
  143  15:24  Zergling x8  
  142  15:28  Zergling x2  
  142  15:29  Zergling x6  
  142  15:30  Baneling x4  
  142  15:31  Baneling  
  145  15:36  Baneling x9  
  145  15:39  Roach x2  
  145  15:41  Baneling  
  145  15:42  Baneling x2  
  147  15:44  Zergling x6  
  147  15:48  Zergling x8  
Tags
 
Add a new tag
Caveats
  • Supply blocks, unpowered buildings, or Contaminate may cause inaccurate times.
  • Supply counts are checked every 10 seconds.